PCL
VANCOUVER VIPERS @ ALBUQUERQUE ISOTOPES
06/29/2028
 
TOP OF THE 1ST
Vancouver Vipers batting - Pitching for Albuquerque Isotopes : RHP Francisco Álvarez
Pitching: RHP Francisco Álvarez
Batting: RHB Víctor Arredondo 0-0: Ball
1-0: SINGLE (Line Drive, 56D)
Batting: RHB Sergio Pujols 0-0: Ball
1-0: Foul Ball, location: 2F
1-1: Ball
2-1: Ball
3-1: Foul Ball, location: 2F
3-2: Strikes out swinging
Batting: LHB Mike Williams 0-0: Ball
1-0: Foul Ball, location: 2F
1-1: Ball
2-1: Swinging Strike
2-2: Strikes out swinging
Batting: RHB Bill Little 0-0: Ball
1-0: Foul Ball, location: 2F
1-1: Foul Ball, location: 2F
1-2: SINGLE (Groundball, 6MD)
Víctor Arredondo to second
Runner from 2nd tries for 3rd, SAFE, throw made to third
Batting: LHB Katsumi Morishita 0-0: Ball
1-0: Ball
2-0: Foul Ball, location: 2F
2-1: Ball
3-1: Called Strike
3-2: Foul Ball, location: 2F
3-2: Fly out, F5 (Popup, 5L)
Top of the 1st over - 0 run(s), 2 hit(s), 0 error(s), 2 left on base; Vancouver 0 - Albuquerque 0
BOTTOM OF THE 1ST
Albuquerque Isotopes batting - Pitching for Vancouver Vipers : RHP Diego González
Pitching: RHP Diego González
Batting: LHB Fernando Ortíz 0-0: Ball
1-0: Ball
2-0: Swinging Strike
2-1: SINGLE (Line Drive, 4D)
Batting: SHB Clint Woods 0-0: Called Strike
0-1: Swinging Strike
0-2: Fly out, F9 (Line Drive, 9D)
Batting: LHB Bernardo Montés 0-0: Foul Ball, location: 2F
0-1: Ball
1-1: Called Strike
1-2: SINGLE (Groundball, 4D)
Fernando Ortíz to second
Runner from 2nd tries for 3rd, SAFE, throw made to third
Batting: RHB Will Lott 0-0: Ball
1-0: Called Strike
1-1: Foul Ball, location: 2F
1-2: Ball
2-2: Grounds into double play, 6-4-3 (Groundball, 6)
Bottom of the 1st over - 0 run(s), 2 hit(s), 0 error(s), 1 left on base; Vancouver 0 - Albuquerque 0
TOP OF THE 2ND
Vancouver Vipers batting - Pitching for Albuquerque Isotopes : RHP Francisco Álvarez
Batting: SHB Henry Copeland 0-0: Ball
1-0: Foul Ball, location: 2F
1-1: Swinging Strike
1-2: Foul Ball, location: 2F
1-2: Ball
2-2: Ball
3-2: Strikes out swinging
Batting: RHB Steve Bender 0-0: Fly out, F9 (Flyball, 9)
Batting: LHB Brian Ford 0-0: Foul Ball, location: 2F
0-1: Ball
1-1: Ball
2-1: Ball
3-1: Ground out U3 (Groundball, 3)
Top of the 2nd over - 0 run(s), 0 hit(s), 0 error(s), 0 left on base; Vancouver 0 - Albuquerque 0
BOTTOM OF THE 2ND
Albuquerque Isotopes batting - Pitching for Vancouver Vipers : RHP Diego González
Batting: LHB Héctor Soto 0-0: Swinging Strike
0-1: Swinging Strike
0-2: Ball
1-2: Strikes out looking
Batting: RHB Jesse McKnight 0-0: Ball
1-0: Fly out, F9 (Flyball, 9LS)
Batting: RHB Sam Wallace 0-0: Ball
1-0: Called Strike
1-1: Ball
2-1: Ball
3-1: Foul Ball, location: 2F
3-2: Ground out 5-3 (Groundball, 5L)
Bottom of the 2nd over - 0 run(s), 0 hit(s), 0 error(s), 0 left on base; Vancouver 0 - Albuquerque 0
TOP OF THE 3RD
Vancouver Vipers batting - Pitching for Albuquerque Isotopes : RHP Francisco Álvarez
Batting: RHB David Canseco 0-0: Ball
1-0: Called Strike
1-1: Swinging Strike
1-2: Fly out, F5 (Popup, 5)
Batting: RHB Víctor Arredondo 0-0: Foul Ball, location: 2F
0-1: Ball
1-1: Ground out 4-3 (Groundball, 4)
Batting: RHB Sergio Pujols 0-0: Ball
1-0: Fly out, F8 (Flyball, 8LM)
Top of the 3rd over - 0 run(s), 0 hit(s), 0 error(s), 0 left on base; Vancouver 0 - Albuquerque 0
BOTTOM OF THE 3RD
Albuquerque Isotopes batting - Pitching for Vancouver Vipers : RHP Diego González
Batting: LHB Pedro Cruz 0-0: Ball
1-0: Called Strike
1-1: Called Strike
1-2: Fly out, F8 (Flyball, 8RM)
Batting: RHB Dave Mullen 0-0: Foul Ball, location: 2F
0-1: Ball
1-1: Ground out 4-3 (Groundball, 4)
Batting: LHB Fernando Ortíz 0-0: Ball
1-0: Fly out, F8 (Flyball, 8RXD)
Bottom of the 3rd over - 0 run(s), 0 hit(s), 0 error(s), 0 left on base; Vancouver 0 - Albuquerque 0
TOP OF THE 4TH
Vancouver Vipers batting - Pitching for Albuquerque Isotopes : RHP Francisco Álvarez
Batting: LHB Mike Williams 0-0: Called Strike
0-1: Ball
1-1: Fly out, F9 (Flyball, 9S)
Batting: RHB Bill Little 0-0: Called Strike
0-1: Called Strike
0-2: SINGLE (Line Drive, 9LS)
Batting: LHB Katsumi Morishita 0-0: Swinging Strike
0-1: Foul Ball, location: 2F
0-2: Strikes out swinging
Batting: SHB Henry Copeland 0-0: 2-RUN HOME RUN (Flyball, 89XD), Distance : 406 ft
Batting: RHB Steve Bender 0-0: Ball
1-0: SINGLE (Flyball, 7LS)
Batting: LHB Brian Ford 0-0: Foul Ball, location: 2F
0-1: Called Strike
0-2: Ball
1-2: Ball
2-2: Ball
3-2: SINGLE (Groundball, 3D)
Steve Bender to second
Steve Bender to third
Batting: RHB David Canseco 0-0: Ball
Brian Ford steals 2nd base
1-0: Ball
2-0: Foul Ball, location: 2F
2-1: Fly out, F7 (Flyball, 78D)
Top of the 4th over - 2 run(s), 4 hit(s), 0 error(s), 2 left on base; Vancouver 2 - Albuquerque 0
BOTTOM OF THE 4TH
Albuquerque Isotopes batting - Pitching for Vancouver Vipers : RHP Diego González
Batting: SHB Clint Woods 0-0: Ball
1-0: SINGLE (Groundball, 6S) (infield hit)
Batting: LHB Bernardo Montés 0-0: Ball
1-0: Called Strike
1-1: Swinging Strike
1-2: Fly out, F9 (Flyball, 9S)
Batting: RHB Will Lott 0-0: Ball
1-0: Fly out, F7 (Flyball, 7D)
Batting: LHB Héctor Soto 0-0: Called Strike
0-1: Foul Ball, location: 2F
0-2: Foul Ball, location: 2F
0-2: Foul Ball, location: 2F
0-2: Ball
1-2: Strikes out swinging
Bottom of the 4th over - 0 run(s), 1 hit(s), 0 error(s), 1 left on base; Vancouver 2 - Albuquerque 0
TOP OF THE 5TH
Vancouver Vipers batting - Pitching for Albuquerque Isotopes : RHP Francisco Álvarez
Batting: RHB Víctor Arredondo 0-0: Called Strike
0-1: Ground out 5-3 (Groundball, 56S)
Batting: RHB Sergio Pujols 0-0: Ball
1-0: Ball
2-0: Ground out 5-3 (Groundball, 56S)
Batting: LHB Mike Williams 0-0: Ball
1-0: Foul Ball, location: 2F
1-1: SINGLE (Groundball, 6MD)
Batting: RHB Bill Little 0-0: Foul Ball, location: 2F
0-1: Ball
1-1: Foul Ball, location: 2F
1-2: Foul Ball, location: 2F
1-2: Strikes out swinging
Top of the 5th over - 0 run(s), 1 hit(s), 0 error(s), 1 left on base; Vancouver 2 - Albuquerque 0
BOTTOM OF THE 5TH
Albuquerque Isotopes batting - Pitching for Vancouver Vipers : RHP Diego González
Batting: RHB Jesse McKnight 0-0: Called Strike
0-1: Ball
1-1: Called Strike
1-2: Foul Ball, location: 2F
1-2: Ball
2-2: Foul Ball, location: 2F
2-2: SINGLE (Groundball, 34D)
Batting: RHB Sam Wallace 0-0: Ball
1-0: Grounds into double play, 4-6-3 (Groundball, 4)
Batting: LHB Pedro Cruz 0-0: Ball
1-0: SINGLE (Groundball, 6MD)
Batting: RHB Dave Mullen 0-0: Ball
1-0: Foul Ball, location: 2F
1-1: Ball
2-1: Ball
3-1: Foul Ball, location: 2F
3-2: Fly out, F4 (Popup, 4MD)
Bottom of the 5th over - 0 run(s), 2 hit(s), 0 error(s), 1 left on base; Vancouver 2 - Albuquerque 0
TOP OF THE 6TH
Vancouver Vipers batting - Pitching for Albuquerque Isotopes : RHP Francisco Álvarez
Batting: LHB Katsumi Morishita 0-0: Ball
1-0: Ball
2-0: Ball
3-0: Called Strike
3-1: SOLO HOME RUN (Flyball, 9LD), Distance : 371 ft
Batting: SHB Henry Copeland 0-0: Ball
1-0: Called Strike
1-1: Swinging Strike
1-2: Ball
2-2: Foul Ball, location: 2F
2-2: Foul Ball, location: 2F
2-2: Strikes out swinging
Batting: RHB Steve Bender 0-0: Ball
1-0: Ball
2-0: Foul Ball, location: 2F
2-1: Swinging Strike
2-2: Strikes out swinging
Batting: LHB Brian Ford 0-0: Called Strike
0-1: Ball
1-1: Called Strike
1-2: Foul Ball, location: 2F
1-2: Ball
2-2: Fly out, F7 (Flyball, 78M)
Top of the 6th over - 1 run(s), 1 hit(s), 0 error(s), 0 left on base; Vancouver 3 - Albuquerque 0
BOTTOM OF THE 6TH
Albuquerque Isotopes batting - Pitching for Vancouver Vipers : RHP Diego González
Batting: LHB Fernando Ortíz 0-0: Ground out U3 (Groundball, 3L)
Batting: SHB Clint Woods 0-0: Ball
1-0: DOUBLE (Line Drive, 78D)
Batting: LHB Bernardo Montés 0-0: Called Strike
0-1: Ball
1-1: Foul Ball, location: 2F
1-2: Ground out 6-3 (Groundball, 6)
Batting: RHB Will Lott 0-0: Ball
1-0: Called Strike
1-1: Ground out 6-3 (Groundball, 56)
Bottom of the 6th over - 0 run(s), 1 hit(s), 0 error(s), 1 left on base; Vancouver 3 - Albuquerque 0
TOP OF THE 7TH
Vancouver Vipers batting - Pitching for Albuquerque Isotopes : RHP Francisco Álvarez
Pitching: RHP Shiki Kanno
Batting: RHB David Canseco 0-0: Ball
1-0: Ground out 5-3 (Groundball, 56S)
Batting: RHB Víctor Arredondo 0-0: Ball
1-0: SINGLE (Groundball, 56D)
Batting: RHB Sergio Pujols 0-0: Foul Ball, location: 2F
0-1: Ball
1-1: Ball
2-1: Ball
3-1: Base on Balls
Víctor Arredondo to second
Batting: LHB Mike Williams 0-0: Ball
1-0: SINGLE (Groundball, 34D)
Víctor Arredondo to third
Sergio Pujols to second
Runner from 3rd tries for Home, SAFE, no throw
Batting: RHB Bill Little 0-0: Called Strike
0-1: Called Strike
Sergio Pujols steals 3rd base
Mike Williams to second
0-2: Strikes out swinging
Batting: LHB Katsumi Morishita 0-0: Ball
1-0: Ball
2-0: Ball
3-0: Called Strike
3-1: Called Strike
3-2: Fly out, F8 (Flyball, 8LM)
Top of the 7th over - 1 run(s), 2 hit(s), 0 error(s), 2 left on base; Vancouver 4 - Albuquerque 0
BOTTOM OF THE 7TH
Albuquerque Isotopes batting - Pitching for Vancouver Vipers : RHP Diego González
Batting: LHB Héctor Soto 0-0: Ball
1-0: Ball
2-0: Ball
3-0: Called Strike
3-1: Base on Balls
Batting: RHB Jesse McKnight 0-0: Swinging Strike
0-1: Called Strike
0-2: Foul Ball, location: 2F
0-2: Ball
1-2: Strikes out swinging
Batting: RHB Sam Wallace 0-0: Ball
1-0: Ball
2-0: Swinging Strike
2-1: Called Strike
2-2: Ball
3-2: Strikes out swinging
Batting: LHB Pedro Cruz 0-0: Ball
1-0: Ball
2-0: DOUBLE (Line Drive, 8LD)
Héctor Soto to third
Pitching: RHP Von Hicks
Batting: RHB Dave Mullen 0-0: Called Strike
0-1: Ball
1-1: Swinging Strike
1-2: Ball
2-2: Ball
3-2: Foul Ball, location: 2F
3-2: Foul Ball, location: 2F
3-2: Fly out, F9 (Line Drive, 9)
Bottom of the 7th over - 0 run(s), 1 hit(s), 0 error(s), 2 left on base; Vancouver 4 - Albuquerque 0
TOP OF THE 8TH
Vancouver Vipers batting - Pitching for Albuquerque Isotopes : RHP Shiki Kanno
Batting: SHB Henry Copeland 0-0: Called Strike
0-1: SINGLE (Flyball, 8LM)
Batting: RHB Steve Bender 0-0: Bunted foul
0-1: Bunted foul
0-2: SINGLE (Groundball, 56D)
Henry Copeland to second
Batting: LHB Brian Ford 0-0: Ball
1-0: Ball
2-0: Foul Ball, location: 2F
2-1: Ball
3-1: Called Strike
Balk!
Henry Copeland to third
Steve Bender to second
3-2: Ground out U3 (Groundball, 3)
Pitching: RHP Germán Hernández
Batting: RHB David Canseco 0-0: Ball
1-0: Foul Ball, location: 2F
1-1: Ball
2-1: Ball
3-1: Base on Balls
Batting: RHB Víctor Arredondo 0-0: Called Strike
0-1: Ball
1-1: Swinging Strike
1-2: Strikes out swinging
Batting: RHB Sergio Pujols 0-0: Called Strike
0-1: Ball
1-1: Ball
2-1: Foul Ball, location: 2F
2-2: Ball
3-2: Base on Balls
Henry Copeland scores
Steve Bender to third
David Canseco to second
Batting: LHB Mike Williams 0-0: Ball
1-0: Called Strike
1-1: Foul Ball, location: 2F
1-2: Strikes out swinging
Top of the 8th over - 1 run(s), 2 hit(s), 0 error(s), 3 left on base; Vancouver 5 - Albuquerque 0
BOTTOM OF THE 8TH
Albuquerque Isotopes batting - Pitching for Vancouver Vipers : RHP Von Hicks
Batting: LHB Fernando Ortíz 0-0: Foul Ball, location: 2F
0-1: Called Strike
0-2: Strikes out swinging
Batting: SHB Clint Woods 0-0: Ground out 4-3 (Groundball, 4)
Batting: LHB Bernardo Montés 0-0: Ball
1-0: Ball
2-0: Ball
3-0: Called Strike
3-1: Foul Ball, location: 2F
3-2: Base on Balls
Batting: RHB Will Lott 0-0: Ball
1-0: Ball
2-0: Called Strike
2-1: Ball
3-1: DOUBLE (Line Drive, 7LM)
Bernardo Montés to third
Batting: LHB Héctor Soto 0-0: Ball
1-0: Called Strike
1-1: Swinging Strike
1-2: Foul Ball, location: 2F
1-2: Strikes out looking
Bottom of the 8th over - 0 run(s), 1 hit(s), 0 error(s), 2 left on base; Vancouver 5 - Albuquerque 0
TOP OF THE 9TH
Vancouver Vipers batting - Pitching for Albuquerque Isotopes : RHP Germán Hernández
Batting: RHB Bill Little 0-0: Ball
1-0: Ball
2-0: Ball
3-0: Called Strike
3-1: Base on Balls
Batting: LHB Katsumi Morishita 0-0: Swinging Strike
0-1: Swinging Strike
0-2: Strikes out swinging
Batting: SHB Henry Copeland 0-0: Ball
1-0: Foul Ball, location: 2F
1-1: Swinging Strike
1-2: Foul Ball, location: 2F
1-2: Foul Ball, location: 2F
1-2: Ball
2-2: SINGLE (Flyball, 78S)
Bill Little to second
Batting: RHB Steve Bender 0-0: Called Strike
0-1: Called Strike
0-2: Reached on error, E1 (Groundball, 13)
Bill Little to third
Henry Copeland to second
Pitching: RHP Brad Flores
Batting: LHB Brian Ford 0-0: Foul Ball, location: 2F
0-1: Called Strike
0-2: Foul Ball, location: 2F
0-2: Ball
1-2: Ball
2-2: Ball
3-2: Fielders Choice at 2nd, 3-6 (Groundball, 34)
Bill Little scores
Henry Copeland to third
Batting: RHB David Canseco 0-0: Ball
1-0: Foul Ball, location: 2F
1-1: SINGLE (Line Drive, 8LS)
Henry Copeland scores
Brian Ford to second
Batting: RHB Víctor Arredondo 0-0: Ball
1-0: Swinging Strike
1-1: Fly out, F7 (Flyball, 7D)
Top of the 9th over - 2 run(s), 2 hit(s), 1 error(s), 2 left on base; Vancouver 7 - Albuquerque 0
BOTTOM OF THE 9TH
Albuquerque Isotopes batting - Pitching for Vancouver Vipers : RHP Von Hicks
Batting: RHB Jesse McKnight 0-0: Ball
1-0: Ball
2-0: Ball
3-0: Called Strike
3-1: Swinging Strike
3-2: Base on Balls
Batting: RHB Sam Wallace 0-0: Ball
Wild Pitch!
Jesse McKnight to second
1-0: Ball
2-0: Foul Ball, location: 2F
2-1: Called Strike
2-2: Ball
3-2: Foul Ball, location: 2F
3-2: Strikes out swinging
Batting: LHB Pedro Cruz 0-0: Called Strike
0-1: Ball
1-1: Foul Ball, location: 2F
1-2: Ball
2-2: Strikes out swinging
Batting: RHB Dave Mullen 0-0: Ball
1-0: Called Strike
1-1: Ball
2-1: Foul Ball, location: 2F
2-2: Foul Ball, location: 2F
2-2: Ball
3-2: Foul Ball, location: 2F
3-2: Foul Ball, location: 2F
3-2: Base on Balls
Batting: LHB Fernando Ortíz 0-0: Ball
1-0: Ball
2-0: Foul Ball, location: 2F
2-1: Foul Ball, location: 2F
2-2: Ball
3-2: Foul Ball, location: 2F
3-2: SINGLE (Groundball, 34S) (infield hit)
Jesse McKnight to third
Dave Mullen to second
Batting: SHB Clint Woods 0-0: Ground out 4-3 (Groundball, 4S)
Bottom of the 9th over - 0 run(s), 1 hit(s), 0 error(s), 3 left on base; Vancouver 7 - Albuquerque 0
Tuesday, August 8th, 2017 - OOTP Baseball 17.12 Build 75